 Dungeon Crawl Stone Soup version 0.29-a0-266-gf56f883ddd (webtiles) character file.

Game seed: 4526449592981313109

55 sammy202020 the Skirmisher (level 3, -2/29 HPs)
             Began as a Demonspawn Berserker on Mar 6, 2022.
             Was a Believer of Trog.
             Slain by Robin
             ... wielding a +0 dagger
              (3 damage)
             ... on level 2 of the Dungeon.
             The game lasted 00:01:48 (912 turns).

sammy202020 the Skirmisher (Demonspawn Berserker)    Turns: 912, Time: 00:01:49

Health: -2/29      AC:  2    Str: 17    XL:     3   Next: 67%
Magic:  3/3        EV: 12    Int: 10    God:    Trog [**....]
Gold:   59         SH:  0    Dex: 12    Spells: 2/2 levels left

rFire   . . .      SeeInvis .   a - +0 mace
rCold   . . .      Faith    .   (no shield)
rNeg    . . .      Spirit   .   b - +0 animal skin
rPois   .          Reflect  .   (no helmet)
rElec   .          Harm     .   (no cloak)
rCorr   .          Rampage  .   (no gloves)
Will    ++...                   (no boots)
Stlth   +.........              (no amulet)
HPRegen 1.09/turn               (no ring)
MPRegen 0.08/turn               (no ring)

@: strong-willed, on berserk cooldown, regenerating, slowed, very slow
A: hooves 1, demonic magic 1
a: Renounce Religion, Berserk, Trog's Hand


You were on level 2 of the Dungeon.
You worshipped Trog.
Trog was pleased with you.
You visited 1 branch of the dungeon, and saw 2 of its levels.

You collected 59 gold pieces.

Inventory:

Hand Weapons
 a - a +0 mace (weapon)
Armour
 b - a +0 animal skin (worn)
Scrolls
 c - a scroll of enchant weapon {unknown}
 d - a scroll of blinking {unknown}
 f - a scroll of teleportation {unknown}
 i - a scroll of identify {unknown}
Potions
 e - a potion of brilliance {unknown}
 g - a potion of haste {unknown}
 h - a potion of cancellation {unknown}


   Skills:
 * Level 3.5 Fighting
 * Level 3.3 Maces & Flails
 + Level 2.2 Armour
 + Level 2.1 Dodging


You had 2 spell levels left.
You didn't know any spells.
Your spell library was empty.

Dungeon Overview and Level Annotations

Branches:
Dungeon (2/15)

Altars:

Annotations:
D:2 Robin


Innate Abilities, Weirdness & Mutations

You have large cloven feet.
Spells you cast may paralyse adjacent enemies.


Message History

The jackal misses you.
You hit the jackal.
You kill the jackal!
Trog accepts your kill. The jackal completely misses you. The jackal bites you.
The jackal bites you but does no damage.
The jackal bites you. The goblin misses you.
You sock the jackal!
You kill the jackal!
Trog accepts your kill. The goblin hits you with a +0 club.
* * * LOW HITPOINT WARNING * * *
A goblin comes into view. It is wielding a +0 dagger.
The goblin barely misses you.
You hit the goblin but do no damage. The goblin hits you with a +0 club.
* * * LOW HITPOINT WARNING * * *
The goblin hits you but does no damage.
Robin of the Strong Arm comes into view.
They are wielding a +0 dagger.
Robin shouts!
You hear a shout!
The goblin hits you but does no damage. The goblin barely misses you. x2
Robin roars a battlecry!
The goblins go into a battle-frenzy!
You hear a shout! x2
A worm comes into view.
Your skin crawls.
You feel strong-willed. The goblin closely misses you. The goblin misses you.
The goblin closely misses you. The goblin hits you but does no damage.
You sock the goblin!
You kill the goblin!
Trog accepts your kill. The goblin hits you with a +0 dagger.
* * * LOW HITPOINT WARNING * * *
Robin says, "A pitiful Demonspawn like you will never find the ORB!"
A goblin comes into view. It is wielding a +0 dagger.
The goblin shouts!
You hear a shout! x2
The goblin barely misses you. Robin hits you with a +0 dagger.
* * * LOW HITPOINT WARNING * * *
Robin hits you with a +0 dagger.
You die...

#. #######..
#.......#
#.......#
#.......# # ##
#.....w.# .# ..
#.......###..#
>. #.##.g.#
##.# #@g..# #..
#.g### #.#
#######.##
###<#
#.......#######
#...#
#.............#
#.###
#........####..
#.####
#......(.#
#..###.##<.
########.##
#......... #))#
#####.##†#


You could see a worm, Robin and 2 goblins.

Vanquished Creatures
  An adder (D:2)
  A dart slug (D:1)
  4 ball pythons
  An endoplasm (D:1)
  2 giant cockroaches (D:1)
  4 goblins
  3 hobgoblins
  5 jackals
  A quokka (D:1)
  4 bats
  2 frilled lizards (D:1)
  6 kobolds
  4 rats
38 creatures vanquished.

Notes
Turn   | Place    | Note
-------+----------+-------------------------------------------
     0 | D:1      | sammy202020 the Demonspawn Berserker began the quest for
                  | the Orb.
     0 | D:1      | Reached XP level 1. HP: 18/18 MP: 1/1
   131 | D:1      | Discovered your monstrous ancestry.
   131 | D:1      | Gained mutation: You have large cloven feet. [demonic
                  | ancestry]
   131 | D:1      | Reached XP level 2. HP: 24/24 MP: 2/2
   131 | D:1      | Found a faded altar of an unknown god.
   564 | D:1      | Gained mutation: Spells you cast may paralyse adjacent
                  | enemies. [demonic ancestry]
   564 | D:1      | Reached XP level 3. HP: 29/29 MP: 3/3
   642 | D:1      | Reached ** piety under Trog
   907 | D:2      | Noticed Robin
   911 | D:2      | HP: 1/29 [goblin/+0 dagger[Robin] (6)]
   912 | D:2      | Slain by Robin

Illustrated notes

Levels and vault maps discovered:
D:1:      ncdulo_lavacross, layout_loops_ring, ebering_ecumenical_altar_rust
D:2:      layout_rooms, uniq_sigmund, uniq_robin

Skill      XL: |  1  2 |
---------------+-------+-----
Maces & Flails | 3 |  3.3
Armour         | 2 |  2.2
Dodging        | 2 |  2.1
Fighting       | |  3.5

Action                   || total
-------------------------++-------
Melee: Mace              ||    86
       Kick              ||    11
       Punch             ||     1
Invok: Trog's Hand       ||     2
       Berserk           ||     1
Armor: Animal skin       ||    33
Dodge: Dodged            ||    78

Table legend: (Time is in decaauts)
 A = Elapsed time spent in this place.
 B = Non-inter-level travel time spent in this place.
 C = Inter-level travel time spent in this place.
 D = Time resting spent in this place.
 E = Time spent auto-exploring this place.
 F = Levels seen in this place.
 G = Mean time per level.
                   A        B        C        D        E       F      G
               +--------+--------+--------+--------+--------+-----+--------+
         Total |    940 |    940 |      0 |      0 |    659 |   2 |  470.0 |
       Dungeon |    940 |    940 |      0 |      0 |    659 |   2 |  470.0 |
               +--------+--------+--------+--------+--------+-----+--------+

Top non-repeatable levels by time:
     D:1: 817 daAuts
     D:2: 123 daAuts
